 Dungeon Crawl Stone Soup version 0.23-a0-451-g1044d4c (webtiles) character file.

163226 Ijustatesigmund the Thaumaturge (level 17, -3/145 HPs)
             Began as a Gnoll Wizard on Nov 21, 2018.
             Was a High Priest of Okawaru.
             Engulfed by a cloud of freezing vapour (13 damage)
             ... on level 4 of the Swamp on Nov 22, 2018.
             The game lasted 02:05:42 (39958 turns).

Ijustatesigmund the Thaumaturge (Gnoll Wizard)     Turns: 39958, Time: 02:05:43

Health: -3/145     AC: 28    Str: 15    XL:     17   Next: 82%
Magic:  10/34      EV: 20    Int: 30    God:    Okawaru [*****.]
Gold:   1541       SH: 28    Dex: 20    Spells: 19/42 levels left

rFire    + + .     SeeInvis +   a - +10 morningstar "Eos" {elec, Halo rElec}
rCold    . . .     Gourm    +   S - +10 large shield of Ignorance {rN+ Int-4}
rNeg     + . .     Faith    .   r - +11 scale mail of Luprawk {rF+ Int+4}
rPois    +         Spirit   .   m - +2 hat {Int+3}
rElec    +         Reflect  .   F - +1 cloak {rPois}
rCorr    .         Harm     .   c - +1 pair of gloves {Str+3}
MR       +....                  K - +0 pair of boots
Stlth    ++........             e - amulet of the gourmand
HPRegen  0.00/turn              h - ring "Nomimpoo" {rF+ SInv}
MPRegen  0.24/turn              D - ring "Dont" {Int+3 Slay+5}

@: agile, regenerating, hasted, glowing, very quick
A: distributed training, fangs 1, blurry vision 1, sense surroundings 1, robust
1, inhibited regeneration, MP-powered wands, strong nose
a: Heroism, Finesse, Renounce Religion


You were on level 4 of the Swamp.
You worshipped Okawaru.
Okawaru was extremely pleased with you.
You were not hungry.

You visited 6 branches of the dungeon, and saw 29 of its levels.
You visited the Abyss 1 time.
You also visited: Volcano.

You collected 3406 gold pieces.
You spent 1865 gold pieces at shops.

Inventory:

Hand Weapons
 a - the +10 morningstar "Eos" (weapon) {elec, Halo rElec}
   (You bought it in a shop on level 12 of the Dungeon)

   Occasionally, upon striking a foe, it will discharge some electrical energy
   and cause terrible harm.
   It insulates you from electricity.
 P - a +9 quick blade
 T - the +9 flail "Ibayss" {freeze, *Contam +Rage rC+ Int+9}
   (You found it on level 1 of the Lair of Beasts)

   It has been specially enchanted to freeze those struck by it, causing extra
   injury to most foes and up to half again as much damage against particularly
   susceptible opponents.
   It can also slow down cold-blooded creatures.
   It affects your intelligence (+9).
   It protects you from cold.
   It lets you go berserk.
   It causes magical contamination when unequipped.
 U - the +8 demon blade "Bloodbane" {slice, *Rage +Rage Stlth-}
   (You bought it in a shop on level 12 of the Dungeon)

   It inflicts extra damage upon your enemies.
   It lets you go berserk.
   It may make you go berserk in combat.
   It makes you less stealthy.
Missiles
 z - 11 javelins (quivered)
Armour
 b - +0 fire dragon scales
 c - a +1 pair of gloves of strength (worn)
 m - a +2 hat of intelligence (worn)
 r - the +11 scale mail of Luprawk (worn) {rF+ Int+4}
   (You found it on level 5 of the Dungeon)

   It affects your intelligence (+4).
   It protects you from fire.
 F - a +1 cloak of poison resistance (worn)
 K - a +0 pair of boots (worn)
 S - the +10 large shield of Ignorance (worn) {rN+ Int-4}
   (Okawaru gifted it to you on level 1 of the Swamp)

   It affects your intelligence (-4).
   It protects you from negative energy.
Jewellery
 e - an amulet of the gourmand (around neck)
 h - the ring "Nomimpoo" (left hand) {rF+ SInv}
   (You found it on level 3 of the Lair of Beasts)

   [ring of see invisible]

   It protects you from fire.
   It lets you see invisible.
 j - an uncursed ring of protection from magic
 D - the ring "Dont" (right hand) {Int+3 Slay+5}
   (You found it on level 8 of the Dungeon)

   [ring of intelligence]

   It affects your intelligence (+3).
   It affects your accuracy and damage with ranged weapons and melee attacks
   (+5).
 E - an uncursed ring of resist corrosion
 L - an uncursed ring of magical power
 N - an uncursed ring of protection from fire
 Y - the ring of Grace {*Corrode rC- EV+3 Str+2 Int+8}
   (You found it on level 6 of the Lair of Beasts)

   [ring of evasion]

   It affects your evasion (+3).
   It affects your strength (+2).
   It affects your intelligence (+8).
   It makes you vulnerable to cold.
   It may corrode you when you take damage.
Wands
 o - a wand of acid (10)
 u - a wand of polymorph (1)
 H - a wand of digging (13)
 I - a wand of iceblast (13)
 W - a wand of clouds (6)
Scrolls
 n - 9 scrolls of amnesia
 q - 5 scrolls of teleportation
 s - 15 scrolls of remove curse
 t - a scroll of fear
 w - 5 scrolls of blinking
 x - a scroll of silence
 C - a scroll of summoning
 O - 2 scrolls of enchant weapon
 Q - 7 scrolls of identify
 Z - 4 scrolls of immolation
Potions
 f - a potion of magic
 g - 6 potions of lignification
 i - 4 potions of might
 k - 4 potions of agility
 l - 4 potions of brilliance
 p - 9 potions of curing
 v - 3 potions of invisibility
 B - 2 potions of berserk rage
 G - 2 potions of flight
 J - 2 potions of mutation
 M - 2 potions of ambrosia
 R - 2 potions of haste
 V - 2 potions of resistance
 X - 2 potions of cancellation
Miscellaneous
 y - a phantom mirror
Comestibles
 d - 54 rations


   Skills:
 + Level 11.6 Fighting
 + Level 11.6 Short Blades
 + Level 11.6 Long Blades
 + Level 11.6 Axes
 + Level 11.6 Maces & Flails
 + Level 11.6 Polearms
 + Level 11.6 Staves
 + Level 11.6 Slings
 + Level 11.6 Bows
 + Level 11.6 Crossbows
 + Level 11.6 Throwing
 + Level 11.6 Armour
 + Level 12.3 Dodging
 + Level 12.2 Stealth
 + Level 11.6 Shields
 + Level 11.6 Unarmed Combat
 + Level 13.3 Spellcasting
 + Level 10.1 Conjurations
 + Level 9.9 Hexes
 + Level 9.9 Charms
 + Level 10.1 Summonings
 + Level 9.9 Necromancy
 + Level 10.1 Translocations
 + Level 9.9 Transmutations
 + Level 9.9 Fire Magic
 + Level 9.9 Ice Magic
 + Level 9.9 Air Magic
 + Level 9.9 Earth Magic
 + Level 9.9 Poison Magic
 + Level 12.5 Invocations
 + Level 11.6 Evocations


You had 19 spell levels left.
You knew the following spells:

 Your Spells              Type           Power        Failure   Level  Hunger
a - Magic Dart            Conj           ####         1%          1    None
b - Blink                 Tloc           N/A          1%          2    None
c - Mephitic Cloud        Conj/Pois/Air  ######..     1%          3    None
d - Conjure Flame         Conj/Fire      ######..     1%          3    None
e - Spider Form           Tmut/Pois      ######....   1%          3    None
f - Passwall              Tmut/Erth      ######..     1%          2    None
g - Deflect Missiles      Chrm/Air       ######....   71%         6    ####...
h - Regeneration          Chrm/Necr      ######....   1%          3    None

Your spell library contained the following spells:

 Spells                   Type           Power        Failure   Level  Hunger
 Animate Skeleton         Necr           N/A          1%          1    None
 Beastly Appendage        Tmut           ######       1%          1    None
 Freeze                   Ice            ####         1%          1    None
 Pain                     Necr           ####         1%          1    None
 Sandblast                Erth           ######       1%          1    None
 Summon Small Mammal      Summ           ####         1%          1    None
 Call Imp                 Summ           ######..     1%          2    None
 Slow                     Hex            ######..     1%          2    None
 Sticks to Snakes         Tmut           ######..     1%          2    None
 Throw Frost              Conj/Ice       ######       1%          2    None
 Call Canine Familiar     Summ           ######..     1%          3    None
 Ozocubu's Armour         Chrm/Ice       ######..     1%          3    None
 Stone Arrow              Conj/Erth      ######       1%          3    None
 Summon Guardian Golem    Hex/Summ       ######..     1%          3    None
 Vampiric Draining        Necr           ######....   1%          3    None
 Animate Dead             Necr           N/A          7%          4    None
 Ice Form                 Ice/Tmut       ######..     7%          4    None
 Petrify                  Tmut/Erth      ######..     7%          4    None
 Summon Ice Beast         Ice/Summ       ######..     7%          4    None
 Summon Lightning Spire   Summ/Air       ######..     7%          4    None
 Throw Icicle             Conj/Ice       ######..     7%          4    None
 Blade Hands              Tmut           ######....   19%         5    #......
 Lee's Rapid Deconstruct  Erth           ######....   19%         5    #......
 Silence                  Hex/Air        ######....   19%         5    #......
 Conjure Ball Lightning   Conj/Air       ######....   71%         6    ####...
 Tornado                  Air            ######....   100%        9    #######


Dungeon Overview and Level Annotations

Branches:
Dungeon (15/15)            Temple (1/1) D:7            Lair (6/6) D:11
  Swamp (4/4) Lair:4       Spider (0/4) Lair:4        Slime (0/5) Lair:6
    Orc (2/2) D:11            Elf (1/3) Orc:2        Vaults (0/5) D:13
 Depths (0/5) D:15

Altars:
Ashenzari
Cheibriados
Dithmenos
Fedhas
Gozag
Hepliaklqana
Kikubaaqudgha
Makhleb
Nemelex Xobeh
Okawaru
Qazlal
Ru
Sif Muna
Trog
Uskayaw
Vehumet
Wu Jian
Xom
Yredelemnul
The Shining One
Beogh

Shops:
D:7 :   D:12 (   D:14 :   Orc:2 :[}%

Portals:
Trove: D:14 (show slimy rune of Zot)


Innate Abilities, Weirdness & Mutations

Your experience applies equally to all skills.
You have very sharp teeth.
Your uncanny sense of smell can sniff out nearby items.
Scrolls take you a little longer to read.
You passively map a small area around you.
You are robust. (+10% HP)
You do not regenerate when monsters are visible.
You expend magic power (3 MP) to strengthen your wands.


Message History

You create a blast of freezing vapour!
You feel a surge of power!
The swamp drake is engulfed in freezing vapours.
The swamp dragon is engulfed in freezing vapours.
The swamp dragon breathes poison at you.
The blast of poison misses you.
You hear a roar!
Casting: Blink (safe; 1% risk of failure)
Confirm with . or Enter, or press ? or * to list all spells.
You blink. 2 hydras and 2 swamp dragons come into view.
You are engulfed in freezing vapours.
* * * LOW HITPOINT WARNING * * *
The four-headed hydra is engulfed in freezing vapours.
The swamp dragon moves out of view.
Found 22 stones, a phantom mirror, 2 tomahawks and 20 gold pieces.
Unknown command.
Casting: Blink (safe; 1% risk of failure)
Confirm with . or Enter, or press ? or * to list all spells.
You blink.
You are engulfed in freezing vapours.
You die...

.≈≈w≈≈≈≈≈≈≈≈ *.§$≈≈≈≈≈≈≈≈♣
≈ * ...≈≈≈≈≈≈≈♣♣♣≈≈≈.♣ * *
♣.≈≈≈§≈≈≈≈♣≈≈≈≈≈* * , ≈ *
♣.≈≈≈≈§≈≈♣♣≈≈≈.♣ ,
≈≈♣♣♣♣♣§§§§§♣♣♣≈≈..♣ *
♣≈.≈.♣.≈§§§§k≈♣≈..≈♣ *
♣≈.≈..k≈§§§§§♣≈..≈§♣♣♣} ,
§.≈...≈≈§♣§D@§§§..≈.≈(≈
D.≈≈≈≈.§≈≈k.≈♣.D♣#D§..♣##
..≈≈≈≈≈≈≈≈≈♣♣≈≈♣♣#♣f###***
≈≈≈≈≈k≈≈...♣≈≈♣#*,DDk≈, **
≈≈≈≈≈≈≈≈..D≈≈## DDD§..
♣.%≈§≈≈..)i≈## ..(....( ,,
♣≈≈≈≈≈≈≈≈≈♣≈# ..D≈≈≈≈≈$,
..≈≈≈≈≈≈≈≈.i♣##..≈§≈§≈≈≈≈
, *
§.≈≈≈≈≈≈≈§≈§§♣##≈≈§§§D....
,≈


You could see a thorn hunter, 2 four-headed hydras, 2 swamp dragons, a spriggan
druid and 3 swamp drakes.

Vanquished Creatures
  Kirke (Swamp:1)
  4 thorn hunters
  A very ugly thing (Swamp:1)
  Snorg (Orc:1)
  An ettin (Orc:1)
  A deep elf death mage (Elf:1)
  Josephine (Orc:1)
  2 fire dragons
  A deep elf high priest (Elf:1)
  An ice dragon (D:15)
  Harold (D:7)
  2 vault guards (D:13)
  2 ghost crabs
  17 hydras
  A catoblepas (Lair:5)
  4 shambling mangroves
  4 two-headed ogres
  13 alligators
  3 dancing weapons (Elf:1)
  A hell hog (Volcano)
  4 tengu warriors
  Erica (D:11)
  2 centaur warriors
  3 death yaks (Lair:4)
  A thrashing horror (Abyss:1)
  An orc high priest (Elf:1)
  5 spriggans
  4 deep elf knights (Elf:1)
  Nergalle (D:12)
  An unseen horror (D:15)
  A fire crab (Lair:6)
  A spriggan druid (Swamp:3)
  3 swamp dragons
  A deep elf archer (Elf:1)
  A flayed ghost (D:8)
  2 wizards (D:13)
  9 deep elf magi
  Pikel (D:8)
  A lindwurm (Lair:4)
  5 orc knights
  A wolf spider (Lair:6)
  6 oklob plants
  6 orc sorcerers
  7 ugly things
  A manticore (D:14)
  9 cyclopes
  A guardian serpent (Lair:6)
  9 black mambas
  15 elephants
  A torpor snail (Lair:6)
  A gargoyle (D:14)
  20 spiny frogs
  2 molten gargoyles (Volcano)
  3 kobold demonologists
  5 komodo dragons
  2 rime drakes
  A redback zombie (D:15)
  A freezing wraith (D:14)
  17 trolls
  A meliai (shapeshifter) (D:13)
  3 meliai (D:15)
  2 tengu conjurers
  5 slime creatures (Swamp:1)
  12 hornets
  6 raiju (Lair:6)
  7 tyrant leeches
  9 polar bears (Lair:6)
  6 blink frogs
  A harpy skeleton (D:13)
  2 jumping spiders (Lair:4)
  7 bog bodies
  A blink frog (shapeshifter) (D:14)
  11 hippogriffs
  A dream sheep (Lair:4)
  3 redbacks
  A centaur simulacrum (D:15)
  An air elemental (Elf:1)
  A water elemental (D:11)
  3 vampires
  7 hogs
  15 wraiths
  6 shadows
  21 humans
  10 fire bats
  9 wyverns
  Grum (Lair:1)
  10 basilisks
  29 yaks
  4 hungry ghosts
  19 vampire mosquitoes
  3 steam dragons (Volcano)
  13 swamp worms
  2 acid dragons
  4 wargs
  3 soldier ants
  20 insubstantial wisps
  10 hell hounds (Lair:6)
  6 porcupines
  12 swamp drakes
  21 water moccasins
  2 hornet zombies
  43 orc warriors
  4 ice beasts
  12 black bears
  2 sky beasts (D:9)
  A slave (D:8)
  25 wolves
  An eye of draining (D:10)
  3 phantoms
  15 ogres
  21 centaurs
  7 crocodiles
  7 big kobolds
  3 gnoll sergeants (D:11)
  19 bullfrogs
  A wyvern zombie (D:14)
  2 small abominations (Abyss:1)
  7 scorpions
  2 wyvern skeletons
  20 killer bees
  2 electric eels
  4 wights (D:8)
  4 howler monkeys
  10 lava snakes
  6 crimson imps
  2 bullfrog zombies
  9 jellies
  4 centaur zombies
  10 hounds
  2 quasits
  19 orc priests
  Crazy Yiuf (D:5)
  2 centaur skeletons
  A bullfrog skeleton (D:8)
  17 iguanas
  3 hell rats (Lair:5)
  22 orc wizards
  8 worker ants
  A hound zombie (D:8)
  3 hound skeletons
  2 worker ant zombies
  7 gnolls
  15 adders
  4 river rats (Lair:5)
  4 shadow imps
  16 oozes
  An adder zombie (D:5)
  An adder skeleton (D:4)
  2 worms
  3 dart slugs
  5 leopard geckos
  72 orcs
  14 bats
  4 giant cockroaches
  10 goblins
  8 hobgoblins
  16 jackals
  21 kobolds
  6 quokkas
  2 ball pythons (D:1)
  6 frilled lizards
  9 rats
  2 briar patches (Swamp:2)
  A fungus (Lair:1)
1084 creatures vanquished.

Vanquished Creatures (collateral kills)
  Sonja (Orc:1)
  A warg (Lair:6)
  A hell hound (Lair:6)
  2 orc warriors (Orc:1)
  An ogre (Orc:1)
  An orc priest (Orc:1)
  An orc wizard (Orc:1)
  5 orcs (Orc:1)
13 creatures vanquished.

Vanquished Creatures (others)
  A human (Swamp:1)
  A slave (D:8)
  An orc priest (Orc:2)
  An iguana (D:8)
  A briar patch (Swamp:2)
  19 fungi
  30 plants
54 creatures vanquished.

Grand Total: 1151 creatures vanquished

Notes
Turn   | Place    | Note
-------+----------+-------------------------------------------
     0 | D:1      | Ijustatesigmund the Gnoll Wizard began the quest for the
                  | Orb.
     0 | D:1      | Reached XP level 1. HP: 13/13 MP: 8/8
    91 | D:1      | Reached XP level 2. HP: 9/19 MP: 0/10
   104 | D:1      | Learned a level 2 spell: Blink
   491 | D:1      | Found a snail-covered altar of Cheibriados.
   500 | D:1      | Reached XP level 3. HP: 25/25 MP: 8/11
   505 | D:1      | Learned a level 3 spell: Mephitic Cloud
   509 | D:1      | Learned a level 3 spell: Conjure Flame
  1149 | D:2      | Reached skill level 1 in Invocations
  1429 | D:2      | Reached skill level 1 in Fighting
  1429 | D:2      | Reached skill level 1 in Short Blades
  1429 | D:2      | Reached skill level 1 in Long Blades
  1429 | D:2      | Reached skill level 1 in Axes
  1429 | D:2      | Reached skill level 1 in Maces & Flails
  1429 | D:2      | Reached skill level 1 in Polearms
  1429 | D:2      | Reached skill level 1 in Staves
  1429 | D:2      | Reached skill level 1 in Slings
  1429 | D:2      | Reached skill level 1 in Bows
  1429 | D:2      | Reached skill level 1 in Crossbows
  1429 | D:2      | Reached skill level 1 in Throwing
  1429 | D:2      | Reached skill level 1 in Armour
  1429 | D:2      | Reached skill level 1 in Shields
  1429 | D:2      | Reached skill level 1 in Unarmed Combat
  1429 | D:2      | Reached skill level 1 in Evocations
  1574 | D:2      | Reached XP level 4. HP: 32/32 MP: 9/13
  1759 | D:2      | Gained mutation: You are clumsy. (Dex -2) [potion of
                  | mutation]
  1759 | D:2      | Gained mutation: You have a pair of small horns on your
                  | head. [potion of mutation]
  1759 | D:2      | Gained mutation: You have large cloven feet. [potion of
                  | mutation]
  1760 | D:2      | Lost mutation: You have large cloven feet. [potion of
                  | mutation]
  1760 | D:2      | Lost mutation: You are clumsy. (Dex -2) [potion of
                  | mutation]
  1760 | D:2      | Lost mutation: You have a pair of small horns on your head.
                  | [potion of mutation]
  1760 | D:2      | Gained mutation: Your magical capacity is low. (-10% MP)
                  | [potion of mutation]
  1760 | D:2      | Gained mutation: You do not regenerate when monsters are
                  | visible. [potion of mutation]
  1760 | D:2      | Gained mutation: You passively map a small area around you.
                  | [potion of mutation]
  1761 | D:2      | Lost mutation: Your magical capacity is low. (-10% MP)
                  | [potion of mutation]
  1761 | D:2      | Gained mutation: You expend magic power (3 MP) to
                  | strengthen your wands. [potion of mutation]
  1761 | D:2      | Gained mutation: Scrolls take you a little longer to read.
                  | [potion of mutation]
  1761 | D:2      | Gained mutation: You are robust. (+10% HP) [potion of
                  | mutation]
  2121 | D:3      | Reached skill level 1 in Hexes
  2121 | D:3      | Reached skill level 1 in Charms
  2121 | D:3      | Reached skill level 1 in Necromancy
  2121 | D:3      | Reached skill level 1 in Transmutations
  2121 | D:3      | Reached skill level 1 in Fire Magic
  2121 | D:3      | Reached skill level 1 in Ice Magic
  2121 | D:3      | Reached skill level 1 in Air Magic
  2121 | D:3      | Reached skill level 1 in Earth Magic
  2121 | D:3      | Reached skill level 1 in Poison Magic
  2306 | D:3      | Reached XP level 5. HP: 35/40 MP: 6/14
  3180 | D:4      | Learned a level 3 spell: Spider Form
  3199 | D:4      | Reached XP level 6. HP: 48/48 MP: 11/16
  3926 | D:4      | Reached skill level 5 in Dodging
  4024 | D:5      | Entered Level 5 of the Dungeon
  4364 | D:5      | Reached XP level 7. HP: 19/55 MP: 12/18
  4690 | D:5      | Found a shattered altar of Ashenzari.
  4694 | D:5      | Saw a vision of the Swamp and the Spider Nest.
  4694 | D:5      | Noticed a wolf spider
  4694 | D:5      | Noticed a wolf spider
  4694 | D:5      | Noticed a redback
  4694 | D:5      | Noticed a redback
  4694 | D:5      | Noticed a redback
  4694 | D:5      | Noticed an alligator
  4695 | D:5      | Noticed a hornet
  4695 | D:5      | Noticed an alligator
  4695 | D:5      | Noticed a redback
  4695 | D:5      | Noticed a wolf spider
  4696 | D:5      | Noticed an alligator
  4825 | D:5      | Got a translucent scale mail
  5416 | D:5      | Found a runed door.
  5420 | D:5      | Noticed Crazy Yiuf
  5428 | D:5      | Killed Crazy Yiuf
  5450 | D:5      | Identified the +11 scale mail of Luprawk {rF+ Int+4} (You
                  | found it on level 5 of the Dungeon)
  5807 | D:6      | Reached skill level 5 in Stealth
  6131 | D:6      | Got a smoking dagger
  6132 | D:6      | Identified the +7 dagger of Inconvenience {pierce, MR+
                  | Int+2} (You found it on level 6 of the Dungeon)
  6160 | D:6      | Reached XP level 8. HP: 49/62 MP: 19/19
  6580 | D:7      | Found a staircase to the Ecumenical Temple.
  6598 | Temple   | Entered the Ecumenical Temple
  6651 | Temple   | Became a worshipper of Warmaster Okawaru
  6761 | D:7      | Found Beunorau's Book Shoppe.
  6835 | D:7      | Reached skill level 8 in Spellcasting
  7174 | D:7      | Noticed Harold
  7198 | D:7      | Killed Harold
  7198 | D:7      | Reached * piety under Okawaru
  7198 | D:7      | Reached XP level 9. HP: 71/71 MP: 8/21
  7273 | D:7      | Reached ** piety under Okawaru
  7511 | D:8      | Noticed Pikel
  7514 | D:8      | Reached *** piety under Okawaru
  7514 | D:8      | Reached skill level 5 in Invocations
  7585 | D:8      | Killed Pikel
  7585 | D:8      | Reached XP level 10. HP: 72/80 MP: 22/22
  7723 | D:8      | Got a crude silver ring
  7730 | D:8      | Identified the ring "Dont" {Int+3 Slay+5} (You found it on
                  | level 8 of the Dungeon)
  7781 | D:8      | Reached skill level 5 in Fighting
  7781 | D:8      | Reached skill level 5 in Short Blades
  7781 | D:8      | Reached skill level 5 in Long Blades
  7781 | D:8      | Reached skill level 5 in Axes
  7781 | D:8      | Reached skill level 5 in Maces & Flails
  7781 | D:8      | Reached skill level 5 in Polearms
  7781 | D:8      | Reached skill level 5 in Staves
  7781 | D:8      | Reached skill level 5 in Slings
  7781 | D:8      | Reached skill level 5 in Bows
  7781 | D:8      | Reached skill level 5 in Crossbows
  7781 | D:8      | Reached skill level 5 in Throwing
  7781 | D:8      | Reached skill level 5 in Armour
  7781 | D:8      | Reached skill level 5 in Shields
  7781 | D:8      | Reached skill level 5 in Unarmed Combat
  7781 | D:8      | Reached skill level 5 in Evocations
  8143 | D:8      | Found a shimmering altar of Xom.
  8144 | D:8      | Found a shattered altar of Ashenzari.
  8166 | D:8      | Reached **** piety under Okawaru
  8180 | D:8      | Reached skill level 9 in Spellcasting
  8210 | D:8      | Found a runed door.
  8211 | D:8      | Found a shimmering altar of Xom.
  8269 | D:8      | Found a glowing golden altar of the Shining One.
  8281 | D:8      | Reached skill level 5 in Conjurations
  8281 | D:8      | Reached skill level 5 in Summonings
  8281 | D:8      | Reached skill level 5 in Translocations
  8315 | D:8      | Noticed a flayed ghost
  8325 | D:8      | Killed a flayed ghost
  8325 | D:8      | Reached ***** piety under Okawaru
  8327 | D:8      | Got a polished ring mail
  8378 | D:8      | Found a bloodstained altar of Trog.
  8446 | D:8      | Found a sparkling altar of Nemelex Xobeh.
  8563 | D:8      | Identified the +4 ring mail "Haopon" {+Inv rElec rCorr
                  | Dex-4} (You found it on level 8 of the Dungeon)
  8696 | D:9      | Reached XP level 11. HP: 73/89 MP: 24/24
  8977 | D:9      | Received a gift from Okawaru
  9051 | D:9      | Got a twisted quarterstaff
  9063 | D:9      | Identified a scroll of acquirement
  9125 | D:9      | Identified the cursed +0 quarterstaff "Eviscerator"
                  | {freeze, rF++ MR- Str+4} (You found it on level 9 of the
                  | Dungeon)
  9258 | D:9      | Reached skill level 5 in Hexes
  9258 | D:9      | Reached skill level 5 in Charms
  9258 | D:9      | Reached skill level 5 in Necromancy
  9258 | D:9      | Reached skill level 5 in Transmutations
  9258 | D:9      | Reached skill level 5 in Fire Magic
  9258 | D:9      | Reached skill level 5 in Ice Magic
  9258 | D:9      | Reached skill level 5 in Air Magic
  9258 | D:9      | Reached skill level 5 in Earth Magic
  9258 | D:9      | Reached skill level 5 in Poison Magic
  9289 | D:9      | Found a shadowy altar of Dithmenos.
 10138 | D:10     | Entered Level 10 of the Dungeon
 10696 | D:10     | Received a gift from Okawaru
 11680 | D:11     | Noticed a purple ugly thing
 11724 | D:11     | Received a gift from Okawaru
 11821 | D:11     | Noticed a cyclops
 11823 | D:12     | Noticed a two-headed ogre
 12166 | D:12     | Received a gift from Okawaru
 12184 | D:12     | Noticed a cyclops
 12192 | D:12     | Killed a cyclops
 12192 | D:12     | Received a gift from Okawaru
 12326 | D:12     | Noticed Nergalle
 12432 | D:11     | Reached XP level 12. HP: 94/97 MP: 23/25
 13129 | D:11     | Noticed Erica
 13133 | D:11     | Reached skill level 10 in Spellcasting
 13373 | D:11     | Killed Erica
 13386 | D:11     | Found a staircase to the Lair.
 13769 | D:11     | Found a staircase to the Orcish Mines.
 14220 | D:12     | Killed a two-headed ogre
 14229 | D:12     | Noticed a two-headed ogre
 14238 | D:12     | Killed a two-headed ogre
 14255 | D:12     | Found a basalt altar of Yredelemnul.
 14260 | D:12     | Noticed a centaur warrior
 14271 | D:12     | Killed a centaur warrior
 14479 | D:12     | Found an ancient bone altar of Kikubaaqudgha.
 14689 | D:12     | Found Egoirhir's Weapon Shoppe.
 14823 | D:12     | Killed Nergalle
 14905 | Orc:1    | Entered Level 1 of the Orcish Mines
 14917 | Orc:1    | Noticed Sonja
 14920 | Orc:1    | Noticed Snorg
 14926 | Orc:1    | Cast into level 1 of the Abyss (Sonja)
 15073 | Abyss:1  | Noticed a thrashing horror
 15082 | Abyss:1  | Killed a thrashing horror
 15082 | Abyss:1  | Received a gift from Okawaru
 15109 | Orc:1    | Escaped the Abyss
 15214 | Orc:1    | Killed Sonja
 15218 | Orc:1    | Reached XP level 13. HP: 107/107 MP: 19/27
 15250 | Orc:1    | Killed Snorg
 15453 | Orc:1    | Found a bloodstained altar of Trog.
 15529 | D:12     | Bought the +10 morningstar "Eos" {elec, Halo rElec} for 962
                  | gold pieces
 15529 | D:12     | Found the +10 morningstar "Eos" {elec, Halo rElec}
 15662 | Orc:1    | Noticed an ettin
 15674 | Orc:1    | Killed an ettin
 15674 | Orc:1    | Received a gift from Okawaru
 15679 | Orc:1    | Noticed Josephine
 15685 | Orc:1    | Reached ****** piety under Okawaru
 15685 | Orc:1    | Received a gift from Okawaru
 15689 | Orc:1    | Killed Josephine
 15692 | Orc:1    | Received a gift from Okawaru
 16106 | Orc:2    | Entered Level 2 of the Orcish Mines
 16106 | Orc:2    | Found a staircase to the Elven Halls.
 16271 | Orc:2    | Found Fefomex's Antique Armour Emporium.
 16271 | Orc:2    | Found Xoplutoc's Gadget Shop.
 16281 | Orc:2    | Found Eklitt's Food Boutique.
 16290 | Orc:2    | Found Quqofyshai's Book Shoppe.
 16695 | Orc:2    | Found a roughly hewn altar of Beogh.
 17099 | D:13     | Identified the +7 trident of Mana {freeze, rC+}
 17105 | D:13     | Received a gift from Okawaru
 17105 | D:13     | Reached skill level 11 in Spellcasting
 17734 | D:13     | Reached XP level 14. HP: 66/116 MP: 27/29
 18208 | D:13     | Received a gift from Okawaru
 18212 | D:13     | Reached skill level 10 in Dodging
 18367 | D:13     | Found a gate to the Vaults.
 18767 | D:13     | Reached skill level 10 in Stealth
 19223 | Lair:1   | Entered Level 1 of the Lair of Beasts
 19680 | Lair:1   | Noticed Grum
 19690 | Lair:1   | Killed Grum
 19788 | Lair:1   | Got a transparent flail
 19789 | Lair:1   | Identified the +9 flail "Ibayss" {freeze, *Contam +Rage rC+
                  | Int+9} (You found it on level 1 of the Lair of Beasts)
 20751 | D:12     | Bought the +8 demon blade "Bloodbane" {slice, *Rage +Rage
                  | Stlth-} for 903 gold pieces
 20751 | D:12     | Found the +8 demon blade "Bloodbane" {slice, *Rage +Rage
                  | Stlth-}
 20826 | Lair:2   | Reached skill level 10 in Invocations
 21087 | Lair:2   | Found a dark tunnel.
 21092 | Volcano  | Entered a volcano
 21198 | Volcano  | Upgraded the game from 0.23-a0-449-g8e4cbf7 to
                  | 0.23-a0-451-g1044d4c
 21269 | Volcano  | Received a gift from Okawaru
 21277 | Volcano  | Found a burning altar of Makhleb.
 21993 | Lair:3   | Received a gift from Okawaru
 22590 | Lair:3   | Got a sparkling gossamer ring
 22592 | Lair:3   | Identified the ring "Nomimpoo" {rF+ SInv} (You found it on
                  | level 3 of the Lair of Beasts)
 22660 | Lair:3   | Reached XP level 15. HP: 115/125 MP: 30/30
 23693 | Lair:4   | Got a pitted bone ring
 23911 | Lair:4   | Found a staircase to the Swamp.
 24204 | Lair:4   | Found a hole to the Spider Nest.
 25417 | Lair:4   | Identified the ring "Okotofium" {Fire +Blink} (You found it
                  | on level 4 of the Lair of Beasts)
 25479 | Lair:4   | Received a gift from Okawaru
 25816 | Lair:5   | Reached skill level 12 in Spellcasting
 26806 | Lair:6   | Entered Level 6 of the Lair of Beasts
 26846 | Lair:6   | Reached skill level 10 in Fighting
 26846 | Lair:6   | Reached skill level 10 in Short Blades
 26846 | Lair:6   | Reached skill level 10 in Long Blades
 26846 | Lair:6   | Reached skill level 10 in Axes
 26846 | Lair:6   | Reached skill level 10 in Maces & Flails
 26846 | Lair:6   | Reached skill level 10 in Polearms
 26846 | Lair:6   | Reached skill level 10 in Staves
 26846 | Lair:6   | Reached skill level 10 in Slings
 26846 | Lair:6   | Reached skill level 10 in Bows
 26846 | Lair:6   | Reached skill level 10 in Crossbows
 26846 | Lair:6   | Reached skill level 10 in Throwing
 26846 | Lair:6   | Reached skill level 10 in Armour
 26846 | Lair:6   | Reached skill level 10 in Shields
 26846 | Lair:6   | Reached skill level 10 in Unarmed Combat
 26846 | Lair:6   | Reached skill level 10 in Evocations
 27125 | Lair:6   | Got a faintly glowing granite ring
 27127 | Lair:6   | Identified the ring of Grace {*Corrode rC- EV+3 Str+2
                  | Int+8} (You found it on level 6 of the Lair of Beasts)
 27178 | Lair:6   | Received a gift from Okawaru
 27577 | Lair:6   | Found a staircase to the Slime Pits.
 27954 | Lair:6   | Reached XP level 16. HP: 101/134 MP: 30/32
 28353 | Lair:6   | Learned a level 2 spell: Passwall
 28856 | Elf:1    | Entered Level 1 of the Elven Halls
 29122 | Elf:1    | Received a gift from Okawaru
 30300 | D:14     | Found Quxyd's Book Shop.
 30350 | D:14     | Got a pitted steel ring
 30361 | D:14     | Identified the ring "Mimuo" {rPois SInv} (You acquired it
                  | on level 14 of the Dungeon)
 30989 | D:14     | Found a portal to a secret trove of treasure.
 31006 | D:14     | Learned a level 6 spell: Deflect Missiles
 31673 | D:15     | Entered Level 15 of the Dungeon
 31724 | D:15     | Found a staircase to the Depths.
 31807 | D:15     | Got a shimmering trident
 31808 | D:15     | Identified the +5 trident "Vyicus" {flame, +Inv rF+} (You
                  | found it on level 15 of the Dungeon)
 33548 | Swamp:1  | Entered Level 1 of the Swamp
 33548 | Swamp:1  | Noticed Kirke
 33810 | Swamp:1  | Noticed a sphinx
 33815 | Swamp:1  | Received a gift from Okawaru
 33823 | Swamp:1  | Killed Kirke
 33829 | Swamp:1  | Received a gift from Okawaru
 34011 | Swamp:1  | Reached XP level 17. HP: 38/144 MP: 17/33
 34455 | Swamp:1  | Received a gift from Okawaru
 34456 | Swamp:1  | Found the +10 large shield of Ignorance {rN+ Int-4}
 36324 | Swamp:2  | Learned a level 3 spell: Regeneration
 36817 | Swamp:2  | Reached skill level 13 in Spellcasting
 38164 | Swamp:3  | Reached skill level 10 in Conjurations
 38164 | Swamp:3  | Reached skill level 10 in Summonings
 38164 | Swamp:3  | Reached skill level 10 in Translocations
 38700 | Swamp:3  | Identified the +8 chain mail of Wu Jian's Displeasure
                  | {rPois rN+ Dex+3} (You found it on level 3 of the Swamp)
 38742 | Swamp:3  | Received a gift from Okawaru
 39314 | Swamp:4  | Entered Level 4 of the Swamp
 39942 | Swamp:4  | HP: 2/144 [spriggan druid/angry trees (12)]
 39958 | Swamp:4  | Engulfed by a cloud of freezing vapour

Vault maps used:
D:1:      erik_arrival_cave_to_civilisation, chequers_big_river,
          cheibriados_altar_1
D:4:      minmay_clustersquares
D:5:      first_ration, grunt_ashenzari_visionary, uniq_crazy_yiuf_cottage
D:7:      minmay_temple_entry_glass, serial_shops, kennysheep_mini,
          serial_glass, glass_columns_c, glass_columns_b, grunt_livestock,
          minmay_misc_feat_room, uniq_harold
D:8:      due_megacathedral, uniq_pikel
D:9:      minmay_bloctagon, corexii_corridor_pit, kennysheep_cluttered_room,
          grunt_dithmenos_shadows
D:10:     minmay_holes
D:11:     erik_lair_island, kennysheep_orc_monster_closet_entryway, uniq_erica
D:12:     basic_altar, serial_shops, nicolae_shop_competitors_out_of_business,
          minmay_ruined_shrine, uniq_nergalle
D:13:     minmay_blocking_statues, grunt_vaults_entry_tiered
D:14:     roderic_lattice_octagonal_star, nicolae_trove_entry_free_sample,
          serial_shops, shop
D:15:     grunt_enter_depths_hoard, serial_column_ruins,
          column_ruins_columns_corner, column_ruins_grid_1,
          column_ruins_open_tiny, column_ruins_open_tiny_water,
          column_ruins_open_small, nrook_campfire
Temple:   compressed_dpeg_circular_temple
Lair:1:   lemuel_slime, serial_bayou_shore_b, uniq_grum
Lair:2:   nicolae_volcano_entry_s_turn, serial_bayou_shore_a
Lair:3:   beast_lair_carwin_large_4, small_statue_intersection,
          minmay_lair_oklob_chamber
Lair:4:   skrybe_swamp_entry_bodies, spider_nest_entry_funnel_web,
          serial_bayou_pond_e, minmay_shattered_shrine
Lair:5:   kennysheep_abandoned_house, lemuel_fruit_fields
Lair:6:   hangedman_lair_tendril_chambers, hangedman_lair_caniforms_friends,
          slime_dummy
Swamp:1:  nicolae_swamp_trees_clearing, uniq_kirke
Swamp:2:  nicolae_swamp_treefoil, water_boxes_lemuel
Swamp:3:  evilmike_swamp_ruin_house_1, swamp_pool5
Swamp:4:  swamp_alternative, ebering_ghost_rock_garden
Orc:1:    david_defended_altar_orc, uniq_sonja, uniq_josephine, uniq_snorg
Orc:2:    st_orc_rangers, basic_altar
Elf:1:    ebering_ghost_disaster_area, kennysheep_underground_church
Volcano:  volcano_grotto

Skill      XL: |  1  2  3  4  5  6  7  8  9 10 11 12 13 14 15 16 17 |
---------------+----------------------------------------------------+-----
Conjurations   | 2 3 4 5 6 7 8 9 10 | 10.1
Summonings     | 2 3 4 5 6 7 8 9 10 | 10.1
Translocations | 2 3 4 5 6 7 8 9 10 | 10.1
Invocations    | 1 2 3 4 5 6 7 8 9 10 11 12 | 12.5
Fighting       | 1 2 4 5 6 7 8 9 10 11 | 11.6
Short Blades   | 1 2 4 5 6 7 8 9 10 11 | 11.6
Long Blades    | 1 2 4 5 6 7 8 9 10 11 | 11.6
Axes           | 1 2 4 5 6 7 8 9 10 11 | 11.6
Maces & Flails | 1 2 4 5 6 7 8 9 10 11 | 11.6
Polearms       | 1 2 4 5 6 7 8 9 10 11 | 11.6
Staves         | 1 2 4 5 6 7 8 9 10 11 | 11.6
Slings         | 1 2 4 5 6 7 8 9 10 11 | 11.6
Bows           | 1 2 4 5 6 7 8 9 10 11 | 11.6
Crossbows      | 1 2 4 5 6 7 8 9 10 11 | 11.6
Throwing       | 1 2 4 5 6 7 8 9 10 11 | 11.6
Armour         | 1 2 4 5 6 7 8 9 10 11 | 11.6
Shields        | 1 2 4 5 6 7 8 9 10 11 | 11.6
Unarmed Combat | 1 2 4 5 6 7 8 9 10 11 | 11.6
Evocations     | 1 2 4 5 6 7 8 9 10 11 | 11.6
Hexes          | 1 2 3 4 5 6 7 8 9 |  9.9
Charms         | 1 2 3 4 5 6 7 8 9 |  9.9
Necromancy     | 1 2 3 4 5 6 7 8 9 |  9.9
Transmutations | 1 2 3 4 5 6 7 8 9 |  9.9
Fire Magic     | 1 2 3 4 5 6 7 8 9 |  9.9
Ice Magic      | 1 2 3 4 5 6 7 8 9 |  9.9
Air Magic      | 1 2 3 4 5 6 7 8 9 |  9.9
Earth Magic    | 1 2 3 4 5 6 7 8 9 |  9.9
Poison Magic   | 1 2 3 4 5 6 7 8 9 |  9.9
Dodging        | 5 6 7 8 9 10 11 12 | 12.3
Stealth        | 5 6 7 8 9 10 11 12 | 12.2
Spellcasting   | 8 9 10 11 12 13 | 13.3

Action                   |  1- 3 |  4- 6 |  7- 9 | 10-12 | 13-15 | 16-18 || total
-------------------------+-------+-------+-------+-------+-------+-------++-------
Melee: Spear             |    36 |   103 |    59 |   238 |    24 |       ||   460
       Bite              |     3 |     6 |    25 |    68 |   119 |    83 ||   304
       Dagger            |       |       |   209 |   609 |       |       ||   818
       Punch             |       |       |     6 |     8 |       |       ||    14
       Morningstar       |       |       |       |       |   879 |   790 ||  1669
       Flail             |       |       |       |       |    17 |       ||    17
       Demon blade       |       |       |       |       |     3 |    65 ||    68
       Quick blade       |       |       |       |       |    70 |       ||    70
Throw: Javelin           |       |       |     2 |     2 |     1 |       ||     5
 Cast: Magic Dart        |    65 |   127 |    63 |   155 |    75 |   144 ||   629
       Mephitic Cloud    |       |     1 |     7 |    32 |    30 |     7 ||    77
       Blink             |       |       |     3 |     4 |     5 |    17 ||    29
       Conjure Flame     |       |       |     1 |     6 |     4 |     1 ||    12
       Deflect Missiles  |       |       |       |       |       |     2 ||     2
       Regeneration      |       |       |       |       |       |     3 ||     3
Invok: Heroism           |       |       |     1 |    11 |    12 |     7 ||    31
       Finesse           |       |       |       |     2 |     1 |     2 ||     5
 Abil: Evoke Berserk Rag |       |       |       |       |       |     2 ||     2
Evoke: Wand              |       |       |     7 |    10 |    15 |    12 ||    44
  Use: Scroll            |     1 |    11 |     3 |     9 |    15 |    11 ||    50
       Potion            |       |     3 |       |     2 |       |     8 ||    13
 Stab: Distracted        |     1 |       |       |     2 |     2 |     2 ||     7
       Sleeping          |       |     5 |       |     5 |     4 |     5 ||    19
       Confused          |       |     3 |     9 |    23 |    13 |     6 ||    54
  Eat: Chunk             |     8 |    15 |    10 |    41 |    25 |    21 ||   120
       Ration            |       |       |     1 |       |     4 |     6 ||    11
Armor: Robe              |     2 |     5 |       |       |       |       ||     7
       Leather armour    |       |    13 |     2 |       |       |       ||    15
       Scale mail        |       |       |   156 |   310 |   425 |   413 ||  1304
Dodge: Dodged            |    41 |    93 |   127 |   356 |   607 |   453 ||  1677
       Deflected         |       |       |       |       |       |    13 ||    13
Block: Shield            |       |       |       |   243 |   689 |   301 ||  1233
       Large shield      |       |       |       |       |       |   570 ||   570
       Rpst.: Demon blade |       |       |       |       |     1 |     9 ||    10

Table legend:
 A = Non-vault XP
 B = Vault XP
 C = Vault XP percentage of total XP
 D = Non-vault monster count
 E = Vault monster count
 F = Vault count percentage of total count
                 A         B        C        D         E       F
            +---------+---------+-------+---------+---------+-------
      Total |  153854 |   79327 |  34.0 |     729 |     365 |  33.4
            +---------+---------+-------+---------+---------+-------
        D:1 |      47 |       3 |   6.0 |      24 |       2 |   7.7
        D:2 |      62 |       0 |   0.0 |      21 |       0 |   0.0
        D:3 |     172 |       0 |   0.0 |      24 |       0 |   0.0
        D:4 |     128 |     110 |  46.2 |       6 |       6 |  50.0
        D:5 |     393 |      42 |   9.7 |      12 |       1 |   7.7
        D:6 |     639 |       0 |   0.0 |      14 |       0 |   0.0
        D:7 |     530 |    1791 |  77.2 |      18 |       6 |  25.0
        D:8 |    2507 |    2211 |  46.9 |      44 |       7 |  13.7
        D:9 |    2404 |    1359 |  36.1 |      42 |      15 |  26.3
       D:10 |    2399 |       0 |   0.0 |      31 |       0 |   0.0
       D:11 |    4207 |    3707 |  46.8 |      38 |      30 |  44.1
       D:12 |    5355 |    2291 |  30.0 |      24 |       6 |  20.0
       D:13 |   10298 |    9245 |  47.3 |      57 |      38 |  40.0
       D:14 |    8274 |       0 |   0.0 |      25 |       0 |   0.0
       D:15 |    8122 |    2100 |  20.5 |      30 |       2 |   6.2
     Lair:1 |    1916 |    1507 |  44.0 |       9 |      26 |  74.3
     Lair:2 |    4827 |       0 |   0.0 |      18 |       0 |   0.0
     Lair:3 |    5946 |    5398 |  47.6 |      21 |      17 |  44.7
     Lair:4 |    7534 |    5778 |  43.4 |      22 |      16 |  42.1
     Lair:5 |    1844 |    1067 |  36.7 |       5 |      14 |  73.7
     Lair:6 |    8603 |   20708 |  70.6 |      23 |      92 |  80.0
    Swamp:1 |   10922 |    2724 |  20.0 |      26 |       4 |  13.3
    Swamp:2 |   21304 |       0 |   0.0 |      41 |       0 |   0.0
    Swamp:3 |   17581 |     781 |   4.3 |      52 |       2 |   3.7
    Swamp:4 |    6505 |    1969 |  23.2 |      14 |       4 |  22.2
      Orc:1 |    3124 |    3590 |  53.5 |      26 |      11 |  29.7
      Orc:2 |    6166 |    5285 |  46.2 |      39 |      41 |  51.2
      Elf:1 |   11072 |    2437 |  18.0 |      20 |       4 |  16.7
    Abyss:1 |     973 |       0 |   0.0 |       3 |       0 |   0.0
    Volcano |       0 |    5224 | 100.0 |       0 |      21 | 100.0
            +---------+---------+-------+---------+---------+-------
